 Dungeon Crawl Stone Soup version 0.24-a0-179-g7a2c91a (webtiles) character file.

Game seed: 16900358701737016060

608 Ijustatesigmund the Shield-Bearer (level 7, -6/69 HPs)
             Began as an Octopode Wizard on Mar 13, 2019.
             Mangled by a centaur (7 damage)
             ... on level 5 of the Dungeon.
             The game lasted 00:12:42 (5317 turns).

Ijustatesigmund the Shield-Bearer (Octopode Wizard) Turns: 5317, Time: 00:12:43

Health: -6/69      AC:  1    Str: 11    XL:     7   Next: 43%
Magic:  11/11      EV: 13    Int: 20    God:
Gold:   190        SH:  5    Dex: 13    Spells: 3/12 levels left

rFire    . . .     SeeInvis .   d - +0 mace
rCold    . . .     Gourm    .   f - +0 buckler
rNeg     + . .     Faith    .   a - +0 hat
rPois    .         Spirit   .   (no amulet)
rElec    .         Reflect  .   b - ring of positive energy
rCorr    .         Harm     .   (no ring)
MR       .....                  (no ring)
Stlth    ..........             (no ring)
HPRegen  0.21/turn              (no ring)
MPRegen  0.12/turn              (no ring)
                                (no ring)
                                (no ring)

@: berserking, very quick
A: almost no armour, stealthy swim, amphibious, 8 rings, constrict 8, camouflage
1, gelatinous body 1
a: no special abilities


You were on level 5 of the Dungeon.
You were not hungry.

You visited 1 branch of the dungeon, and saw 5 of its levels.

You collected 190 gold pieces.

Inventory:

Hand Weapons
 d - a +0 mace (weapon)
Armour
 a - a +0 hat (worn)
 f - a +0 buckler (worn)
Jewellery
 b - a ring of positive energy (left tentacle)
 j - an uncursed ring of fire
Scrolls
 k - a scroll of remove curse
 p - a scroll of teleportation
Potions
 e - a potion of berserk rage
 g - 2 potions of haste {unknown}
 h - a potion of ambrosia
 i - a potion of brilliance
 m - a potion of agility
 n - a potion of lignification
 o - a potion of flight
 q - a potion of mutation {unknown}
Comestibles
 c - 6 rations
 r - a chunk of flesh


   Skills:
 - Level 3.4 Fighting
 + Level 2.4 Maces & Flails
 - Level 2.0 Dodging
 - Level 2.6 Stealth
 - Level 4.2 Shields
 - Level 3.0 Spellcasting
 + Level 2.7 Conjurations
   Level 1.0 Summonings
 - Level 2.4 Translocations
 + Level 2.0 Fire Magic


You had 3 spell levels left.
You knew the following spells:

 Your Spells              Type           Power        Failure   Level  Hunger
a - Magic Dart            Conj           ##..         4%          1    None
b - Blink                 Tloc           N/A          9%          2    ##.....
c - Conjure Flame         Conj/Fire      ##......     16%         3    ###....
d - Mephitic Cloud        Conj/Pois/Air  #.......     28%         3    ###....

Your spell library contained the following spells:

 Spells                   Type           Power        Failure   Level  Hunger
 Call Imp                 Summ           #.......     14%         2    ##.....
 Slow                     Hex            #.......     22%         2    ##.....


Dungeon Overview and Level Annotations

Branches:
Dungeon (5/15)
 Temple: D:4-7

Altars:
Zin


Innate Abilities, Weirdness & Mutations

You cannot wear most types of armour.
You are very stealthy in the water. (Stealth+)
You are amphibious.
You can wear up to eight rings at the same time.
You can use your tentacles to constrict eight enemies at once.
Your skin changes colour to match your surroundings (Stealth+).
Your rubbery body absorbs attacks. (AC +1, EV +1)


Message History

The centaur hits you.
* * * LOW HITPOINT WARNING * * *
The centaur hits you.
* * * LOW HITPOINT WARNING * * *
A red film seems to cover your vision as you go berserk!
You feel yourself moving faster!
You feel mighty! The centaur hits you.
* * * LOW HITPOINT WARNING * * *
You barely miss the centaur.
The centaur is moderately wounded.
You block the centaur's attack.
You sock the centaur!
The centaur is severely wounded.
The centaur hits you!
* * * LOW HITPOINT WARNING * * *
You hit the centaur.
The centaur is severely wounded.
The centaur hits you.
* * * LOW HITPOINT WARNING * * *
The centaur hits you!
You die...

.....# #(# .....# #.#
'##### #.# .# #.# .# #.#
.# ######### #)# .#
#.......#####)#
.#####.......##c((.#######
.....#.......##.@.........
.....#.......##....(......
.....'.......''...........
.....#.......##...........
.....#.......##...........
.....##########...######..
.....# ##### .. .....#
######


You could see a centaur.

Vanquished Creatures
  A hippogriff (D:3)
  An ogre (D:4)
  A centaur (D:5)
  A centaur skeleton (D:4)
  3 orc wizards
  7 adders
  An adder skeleton (D:4)
  A worm (D:3)
  A dart slug (D:3)
  2 leopard geckos
  9 orcs
  7 giant cockroaches
  6 goblins
  7 hobgoblins
  6 jackals
  A quokka (D:3)
  A ball python (D:2)
  7 bats
  4 frilled lizards
  10 kobolds
  6 rats
83 creatures vanquished.

Notes
Turn   | Place    | Note
-------+----------+-------------------------------------------
     0 | D:1      | Ijustatesigmund the Octopode Wizard began the quest for the
                  | Orb.
     0 | D:1      | Reached XP level 1. HP: 11/11 MP: 4/4
   496 | D:1      | Reached skill level 1 in Fighting
   496 | D:1      | Reached XP level 2. HP: 18/18 MP: 0/6
   500 | D:1      | Learned a level 2 spell: Blink
  1370 | D:2      | Reached XP level 3. HP: 19/23 MP: 5/7
  1413 | D:1      | Learned a level 3 spell: Conjure Flame
  1604 | D:2      | Reached skill level 1 in Shields
  1677 | D:2      | Found a glowing silver altar of Zin.
  1973 | D:2      | Reached XP level 4. HP: 28/28 MP: 0/8
  2198 | D:2      | Reached skill level 2 in Shields
  3259 | D:3      | Reached XP level 5. HP: 34/34 MP: 0/9
  3401 | D:3      | Noticed a hippogriff
  3411 | D:3      | Killed a hippogriff
  3411 | D:3      | Reached skill level 3 in Shields
  3411 | D:3      | Reached XP level 6. HP: 35/42 MP: 1/10
  4072 | D:3      | Reached skill level 4 in Shields
  4329 | D:4      | Reached skill level 1 in Maces & Flails
  4608 | D:4      | Learned a level 3 spell: Mephitic Cloud
  4653 | D:4      | Reached skill level 1 in Fire Magic
  4653 | D:4      | Reached XP level 7. HP: 46/46 MP: 1/11
  4906 | D:5      | Entered Level 5 of the Dungeon
  5317 | D:5      | HP: 1/69 [centaur (5)]
  5317 | D:5      | Mangled by a centaur

Levels and vault maps discovered:
D:1:      psy_arrival_basics, layout_basic
D:2:      layout_basic, lemuel_doored_altar, minivault_25
D:3:      layout_basic, first_ration
D:4:      layout_basic, uniq_robin
D:5:      layout_basic, grunt_gozag_breadcrumbs,
          minmay_temple_entry_proselytizer, okawaru_ov_weapons_minmay,
          uniq_ijyb, uniq_grinder

Skill      XL: |  1  2  3  4  5  6  7 |
---------------+----------------------+-----
Fighting       | 1 3 |  3.4
Shields        | 1 2 3 4 |  4.2
Translocations | 2 |  2.4
Maces & Flails | 1 2 |  2.4
Conjurations   | 2 |  2.7
Fire Magic     | 1 2 |  2.0
Dodging        | |  2.0
Stealth        | |  2.6
Spellcasting   | |  3.0
Summonings     | |  1.0

Action                   |  1- 3 |  4- 6 |  7- 9 || total
-------------------------+-------+-------+-------++-------
Melee: Dagger            |    69 |    49 |       ||   118
       Constrict         |    18 |    14 |     4 ||    36
       Tentacles         |    11 |    10 |     4 ||    25
       Mace              |       |    18 |    43 ||    61
Throw: Throwing net      |       |       |     1 ||     1
 Cast: Magic Dart        |    53 |    89 |    13 ||   155
       Blink             |     2 |     2 |       ||     4
       Mephitic Cloud    |       |     2 |       ||     2
  Use: Scroll            |     6 |     4 |     2 ||    12
       Potion            |     2 |     1 |     1 ||     4
 Stab: Sleeping          |     4 |     4 |     1 ||     9
       Distracted        |     1 |       |       ||     1
       Confused          |       |     1 |       ||     1
  Eat: Chunk             |     3 |     8 |       ||    11
       Ration            |       |       |     1 ||     1
Armor: Skin              |     4 |     4 |     2 ||    10
Dodge: Dodged            |    51 |    59 |    34 ||   144
Block: Buckler           |    16 |    17 |    10 ||    43

Table legend:
 A = Non-vault XP
 B = Vault XP
 C = Vault XP percentage of total XP
 D = Non-vault monster count
 E = Vault monster count
 F = Vault count percentage of total count
                 A         B        C        D         E       F
            +---------+---------+-------+---------+---------+-------
      Total |     865 |       4 |   0.5 |      81 |       2 |   2.4
            +---------+---------+-------+---------+---------+-------
        D:1 |      30 |       0 |   0.0 |      19 |       0 |   0.0
        D:2 |      72 |       0 |   0.0 |      23 |       0 |   0.0
        D:3 |     385 |       0 |   0.0 |      26 |       0 |   0.0
        D:4 |     217 |       4 |   1.8 |       5 |       2 |  28.6
        D:5 |     161 |       0 |   0.0 |       8 |       0 |   0.0
            +---------+---------+-------+---------+---------+-------
